 Dungeon Crawl Stone Soup version 0.23-a0-681-g26ad783 (webtiles) character file.

64843 XanderDroid the Severer (level 14, -1/132 HPs)
             Began as a Minotaur Berserker on Jan 7, 2019.
             Was the Champion of Trog.
             Slain by a large slime creature (23 damage)
             ... on level 13 of the Dungeon on Jan 10, 2019.
             The game lasted 01:35:15 (20752 turns).

XanderDroid the Severer (Minotaur Berserker)       Turns: 20752, Time: 01:35:17

Health: -1/132     AC: 32    Str: 25    XL:     14   Next: 73%
Magic:  0/13       EV: 13    Int:  4    God:    Trog [******]
Gold:   665        SH:  0    Dex: 12    Spells: 13/13 levels left

rFire    . . .     SeeInvis +   a - +8 frozen axe "Frostbite" {freezing cloud, *Noise +Fly rC+}
rCold    + . .     Gourm    .   (shield currently unavailable)
rNeg     . . .     Faith    .   N - +2 plate armour {MR+}
rPois    .         Spirit   +   (helmet restricted)
rElec    +         Reflect  .   M - +0 cloak (curse)
rCorr    .         Harm     .   r - +1 pair of gloves of the Spider Nest {rElec Regen+}
MR       ++...                  F - +0 pair of boots
Stlth    ..........             i - amulet of guardian spirit
HPRegen  0.72/turn              A - ring of see invisible
MPRegen  0.13/turn              g - ring of Robustness {AC+8}

@: about to teleport
A: retaliatory headbutt, horns 2
a: Berserk, Trog's Hand, Brothers in Arms, Renounce Religion, Evoke Flight


You were on level 13 of the Dungeon.
You worshipped Trog.
Trog was exalted by your worship.
You were not hungry.

You visited 3 branches of the dungeon, and saw 22 of its levels.
You also visited: Sewer.

You collected 1927 gold pieces.
You spent 1262 gold pieces at shops.

Inventory:

Hand Weapons
 a - the +8 frozen axe "Frostbite" (weapon) {freezing cloud, *Noise +Fly rC+}
   (You found it on level 6 of the Lair of Beasts)

   It has been specially enchanted to freeze those struck by it, causing extra
   injury to most foes and up to half again as much damage against particularly
   susceptible opponents.
   It can also slow down cold-blooded creatures.
   It protects you from cold.
   It lets you fly.
   It may make noises in combat.
 b - a +5 antimagic battleaxe
 J - a +3 mace
Armour
 r - the +1 pair of gloves of the Spider Nest (worn) {rElec Regen+}
   (You found it in a sewer)

   It insulates you from electricity.
   It increases your rate of regeneration.
 F - a +0 pair of boots (worn)
 M - a cursed +0 cloak (worn)
 N - a +2 plate armour of magic resistance (worn)
Jewellery
 g - the ring of Robustness (right hand) {AC+8}
   (You found it on level 1 of the Lair of Beasts)

   [ring of protection]

   It affects your AC (+8).
 i - an amulet of guardian spirit (around neck)
 u - an uncursed ring of resist corrosion
 y - an uncursed ring of protection from cold
 A - a ring of see invisible (left hand)
 K - an uncursed ring of flight
Wands
 m - a wand of flame (41)
 z - a wand of iceblast (28)
 B - a wand of digging (8)
Scrolls
 e - 2 scrolls of noise {unknown}
 h - 4 scrolls of enchant weapon
 j - 2 scrolls of teleportation
 l - 2 scrolls of magic mapping
 n - 10 scrolls of remove curse
 q - a scroll of identify
 t - 2 scrolls of blinking
 v - 3 scrolls of enchant armour
 w - a scroll of vulnerability {unknown}
 D - 5 scrolls of fog
 H - 2 scrolls of immolation
 P - a scroll of holy word {unknown}
Potions
 d - 3 potions of curing
 f - 8 potions of lignification
 k - a potion of brilliance {unknown}
 o - a potion of resistance {unknown}
 p - 3 potions of cancellation
 s - 3 potions of ambrosia
 x - 6 potions of haste
 C - 4 potions of heal wounds
 E - 2 potions of might
 G - 3 potions of invisibility
 I - 2 potions of mutation
 L - 2 potions of flight
Comestibles
 c - 49 rations


   Skills:
 + Level 14.2 Fighting
 * Level 18.5 Axes
 + Level 14.0 Armour
 + Level 13.0 Dodging


You had 13 spell levels left.
You didn't know any spells.
Your spell library was empty.

Dungeon Overview and Level Annotations

Branches:
Dungeon (15/15)            Temple (1/1) D:5            Lair (6/6) D:8
 Shoals (0/4) Lair:2        Snake (0/4) Lair:4        Slime (0/5) Lair:6
    Orc (0/2) D:9          Vaults (0/5) D:13
 Depths: D:15

Altars:
Ashenzari
Cheibriados
Dithmenos
Elyvilon
Fedhas
Gozag
Hepliaklqana
Kikubaaqudgha
Makhleb
Nemelex Xobeh
Okawaru
Qazlal
Ru
Sif Muna
Trog
Uskayaw
Vehumet
Wu Jian
Xom
Yredelemnul
Zin
The Shining One
Jiyva

Shops:
D:5 *   D:6 :   D:10 %   D:11 *   D:12 [   D:13 [

Portals:
Hell: Lair:6

Annotations:
D:12 2 transporters, Jaybu's ghost, journeyman MiFi
D:14 3 runed doors


Innate Abilities, Weirdness & Mutations

You reflexively headbutt those who attack you in melee.
You have a pair of horns on your head.


Message History

You climb downwards.
Level annotation: 3 runed doors The enormous slime creature hits you!!!
There is a stone staircase leading up, spattered with blood here.
You hit the enormous slime creature. You freeze the enormous slime creature.
The enormous slime creature is moderately wounded.
The enormous slime creature is engulfed in freezing vapours.
The enormous slime creature hits you but does no damage.
The enormous slime creature is engulfed in freezing vapours.
The enormous slime creature hits you!!!
* * * LOW HITPOINT WARNING * * *
You climb upwards.
There is a stone staircase leading down here.
As you read the scroll of teleportation, it crumbles to dust.
You feel strangely unstable.
An enormous slime creature splits.
The large slime creature hits you but does no damage.
The large slime creature hits you!
* * * LOW HITPOINT WARNING * * *
The large slime creature hits you!!
You die...

......#
##....#####...#
......#
######..#######...##
......#
##......######...###
###.###
#..#####........##
#...##
#.###....###....#
###..#
#=....######.####
##.############....#
#...## #....####
###..######@####
##......JJ.#
###.......#
#....>..# #########


You could see 2 large slime creatures.

Vanquished Creatures
  The ghost of Ratty the Grim Reaper, a journeyman MiFi of Yredelemnul (Lair:4)
  4 hydras
  A catoblepas (Lair:6)
  2 two-headed ogres
  A queen ant (Lair:3)
  2 centaur warriors
  A two-headed ogre (shapeshifter) (D:13)
  4 death yaks (Lair:3)
  Urug (Lair:1)
  An unseen horror (shapeshifter) (D:13)
  A sixfirhy (Lair:6)
  A deep troll (D:9)
  An unseen horror (D:14)
  A wizard (Lair:6)
  A wolf spider zombie (D:14)
  2 cyclopes
  An oklob plant (Lair:4)
  A manticore (D:12)
  7 ugly things
  A merfolk siren (Lair:2)
  4 elephants (Lair:6)
  Psyche (D:11)
  5 black mambas
  8 spiny frogs
  A smoke demon (Lair:6)
  2 gargoyles
  An orange demon (Lair:6)
  4 rime drakes
  10 komodo dragons
  4 ice devils (Lair:6)
  A red devil (Lair:6)
  11 trolls
  A polar bear (Lair:5)
  15 blink frogs
  3 slime creatures
  A polar bear (shapeshifter) (D:13)
  13 dream sheep
  9 hippogriffs
  2 spriggans
  2 shadows
  A vampire (D:14)
  4 wyverns
  2 wraiths (D:13)
  A steam dragon (D:11)
  A golden eye (shapeshifter) (D:14)
  4 basilisks
  20 yaks
  A hungry ghost (D:15)
  3 vampire mosquitoes (D:13)
  6 soldier ants (Lair:3)
  4 hell hounds
  19 water moccasins
  9 porcupines
  A hornet zombie (D:8)
  3 phantoms
  3 sky beasts
  5 black bears
  11 orc warriors
  A necrophage (D:9)
  4 ogres
  4 ice beasts
  15 centaurs
  14 wolves
  21 crocodiles
  2 big kobolds
  16 bullfrogs
  Blork the orc (D:6)
  A gnoll sergeant (D:9)
  A wyvern skeleton (D:6)
  6 scorpions
  15 killer bees
  7 electric eels
  3 crimson imps
  8 howler monkeys
  2 centaur zombies
  2 bullfrog zombies
  8 orc priests
  7 hounds
  11 jellies
  3 bullfrog skeletons
  4 centaur skeletons
  Natasha (thrice) (D:2)
  25 worker ants
  5 iguanas
  25 orc wizards
  A killer bee zombie (D:7)
  A hound skeleton (D:6)
  2 worker ant zombies
  6 gnolls
  23 adders
  A howler monkey skeleton (D:8)
  4 river rats (D:5)
  2 shadow imps
  An ooze (D:1)
  An adder zombie (D:5)
  A worm (D:3)
  A dart slug (D:2)
  11 leopard geckos
  56 orcs
  7 ball pythons
  12 giant cockroaches
  9 goblins
  6 hobgoblins
  9 jackals
  6 quokkas
  7 bats
  9 frilled lizards
  22 kobolds
  A leopard gecko skeleton (D:5)
  A leopard gecko zombie (D:6)
  A quokka skeleton (D:4)
  A quokka zombie (D:5)
  6 rats
  7 fungi
  12 plants
672 creatures vanquished.

Vanquished Creatures (collateral kills)
  An iron troll (D:8)
1 creature vanquished.

Vanquished Creatures (others)
  The ghost of Killmatronix the Thaumaturge, a journeyman GnAE of Sif Muna (D:8)
  An orc wizard (D:13)
  3 fungi
  6 plants
11 creatures vanquished.

Grand Total: 684 creatures vanquished

Notes
Turn   | Place    | Note
-------+----------+-------------------------------------------
     0 | D:1      | XanderDroid the Minotaur Berserker began the quest for the
                  | Orb.
     0 | D:1      | Reached XP level 1. HP: 19/19 MP: 0/0
    67 | D:1      | Reached XP level 2. HP: 21/27 MP: 1/1
    71 | D:1      | Reached skill level 4 in Axes
   443 | D:1      | Reached XP level 3. HP: 33/33 MP: 2/2
   638 | D:1      | Reached ** piety under Trog
   813 | D:2      | Noticed Natasha
   820 | D:2      | Killed Natasha
   921 | D:2      | Found a radiant altar of Vehumet.
   955 | D:2      | Reached XP level 4. HP: 37/40 MP: 3/3
  1123 | D:2      | Noticed Natasha
  1129 | D:2      | Killed Natasha
  1238 | D:2      | Reached skill level 5 in Axes
  1405 | D:2      | Noticed Natasha
  1415 | D:2      | Killed Natasha
  1415 | D:2      | Reached XP level 5. HP: 21/47 MP: 4/4
  1623 | D:2      | Found a faded altar of an unknown god.
  1979 | D:3      | Found a hide-covered altar of Uskayaw.
  2240 | D:3      | Found a glowing drain.
  2314 | Sewer    | Entered a sewer
  2875 | Sewer    | Reached skill level 6 in Axes
  2875 | Sewer    | Reached XP level 6. HP: 38/55 MP: 5/5
  2877 | Sewer    | Reached skill level 5 in Fighting
  3014 | Sewer    | Got a pair of brightly glowing gloves
  3039 | Sewer    | Identified the +1 pair of gloves of the Spider Nest {rElec
                  | Regen+} (You found it in a sewer)
  3264 | D:4      | Got a glittering copper ring
  3295 | D:4      | Identified the ring "Ball" {rPois rF- Int-3 Dex+7 Stlth+}
                  | (You found it on level 4 of the Dungeon)
  3708 | D:5      | Entered Level 5 of the Dungeon
  3712 | D:5      | Found a basalt altar of Yredelemnul.
  3725 | D:5      | Reached XP level 7. HP: 43/61 MP: 6/6
  3758 | D:5      | Upgraded the game from 0.23-a0-655-g3751e1c to
                  | 0.23-a0-667-gc184e93
  3843 | D:5      | Reached skill level 7 in Axes
  3876 | D:5      | Found Gozag's Platinum Reserve.
  3884 | D:5      | Found an opulent altar of Gozag.
  4076 | D:5      | Reached *** piety under Trog
  4079 | D:5      | Reached skill level 5 in Armour
  4109 | D:5      | Found a staircase to the Ecumenical Temple.
  4119 | Temple   | Entered the Ecumenical Temple
  4926 | D:5      | Found a burning altar of Makhleb.
  5035 | D:6      | Reached skill level 8 in Axes
  5035 | D:6      | Reached skill level 5 in Dodging
  5035 | D:6      | Reached XP level 8. HP: 70/70 MP: 7/7
  5146 | D:6      | Noticed Blork the orc
  5157 | D:6      | Killed Blork the orc
  5187 | D:6      | Found a glowing golden altar of the Shining One.
  5366 | D:6      | Reached skill level 9 in Axes
  5405 | D:6      | Found Mopoosui's Book Shop.
  5884 | D:7      | Reached **** piety under Trog
  5898 | D:7      | Reached XP level 9. HP: 67/79 MP: 8/8
  6131 | D:7      | Found a burning altar of Makhleb.
  6131 | D:7      | Found a bloodstained altar of Trog.
  6250 | D:7      | Reached skill level 10 in Axes
  6361 | D:7      | Upgraded the game from 0.23-a0-667-gc184e93 to
                  | 0.23-a0-677-g07611c5
  6430 | D:8      | Noticed Killmatronix's ghost (journeyman GnAE)
  6431 | D:8      | Found a runed door.
  6434 | D:8      | Found a staircase to the Lair.
  6781 | D:8      | Found an ornate altar of the Wu Jian Council.
  6937 | D:8      | Reached skill level 11 in Axes
  6942 | D:8      | Reached ***** piety under Trog
  7263 | D:9      | Noticed a six-headed hydra
  7479 | D:9      | Noticed a troll
  7491 | D:9      | Killed a troll
  7491 | D:9      | Reached XP level 10. HP: 50/90 MP: 9/9
  7532 | D:9      | Reached skill level 12 in Axes
  7652 | D:9      | Noticed a two-headed ogre
  7653 | D:9      | Noticed a deep troll
  7675 | D:8      | Killed a two-headed ogre
  7769 | D:9      | Killed a deep troll
  7825 | D:9      | Noticed an iron troll
  7989 | Lair:1   | Entered Level 1 of the Lair of Beasts
  8121 | D:8      | Killed an iron troll
  8260 | D:8      | Killed a six-headed hydra
  8260 | D:8      | Reached skill level 13 in Axes
  8260 | D:8      | Reached XP level 11. HP: 8/99 MP: 10/10
  8930 | D:9      | Reached skill level 10 in Fighting
  9060 | D:9      | Found a staircase to the Orcish Mines.
  9552 | D:8      | Upgraded the game from 0.23-a0-677-g07611c5 to
                  | 0.23-a0-681-g26ad783
  9579 | Lair:1   | Reached skill level 10 in Armour
  9880 | Lair:1   | Found the ring of Robustness {AC+8}
  9880 | Lair:1   | Noticed Urug
  9891 | Lair:1   | Killed Urug
 10106 | Lair:1   | Found a basalt altar of Yredelemnul.
 10476 | Lair:2   | Reached skill level 14 in Axes
 10948 | Lair:2   | Found a staircase to the Shoals.
 11324 | Lair:2   | Reached XP level 12. HP: 110/110 MP: 11/11
 11639 | Lair:3   | Reached skill level 10 in Dodging
 11798 | Lair:3   | Noticed a death yak
 11798 | Lair:3   | Noticed a death yak
 11801 | Lair:3   | Noticed a death yak
 11832 | Lair:3   | Noticed a death yak
 11837 | Lair:3   | Killed a death yak
 11845 | Lair:3   | Killed a death yak
 11845 | Lair:3   | Reached skill level 15 in Axes
 11853 | Lair:3   | Killed a death yak
 11857 | Lair:3   | Killed a death yak
 11936 | Lair:3   | You fall through a shaft for 2 floors!
 12098 | Lair:4   | Noticed a six-headed hydra
 12106 | Lair:4   | Killed a six-headed hydra
 12112 | Lair:4   | Found a runed gate.
 12112 | Lair:4   | Found a runed gate.
 12112 | Lair:4   | Found a runed gate.
 12169 | Lair:3   | Received a gift from Trog
 12176 | Lair:3   | Reached ****** piety under Trog
 12186 | Lair:3   | Noticed a queen ant
 12202 | Lair:3   | Killed a queen ant
 13085 | Lair:4   | Reached skill level 16 in Axes
 13276 | Lair:4   | Reached XP level 13. HP: 113/118 MP: 12/12
 13468 | Lair:4   | Found a staircase to the Snake Pit.
 13694 | Lair:4   | Noticed Ratty's ghost (journeyman MiFi)
 13695 | Lair:4   | Found a viscous altar of Jiyva.
 13712 | Lair:4   | Received a gift from Trog
 14172 | Lair:4   | Killed Ratty's ghost
 14715 | Lair:6   | Entered Level 6 of the Lair of Beasts
 15280 | Lair:5   | Received a gift from Trog
 15320 | Lair:6   | Reached skill level 17 in Axes
 15341 | Lair:6   | Found a runed door.
 15342 | Lair:6   | Found a viscous altar of Jiyva.
 15345 | Lair:6   | Found a staircase to the Slime Pits.
 16419 | Lair:6   | Found a burning altar of Makhleb.
 16474 | Lair:6   | Reached XP level 14. HP: 74/129 MP: 4/13
 16533 | Lair:6   | Found a gateway to Hell.
 16541 | Lair:6   | Found the +8 frozen axe "Frostbite" {freezing cloud, *Noise
                  | +Fly rC+}
 16952 | D:8      | Killed Killmatronix's ghost
 17040 | D:10     | Entered Level 10 of the Dungeon
 17441 | D:10     | Received a gift from Trog
 17580 | D:10     | Found Garhoej's Food Shop.
 18381 | D:11     | Noticed Psyche
 18386 | D:11     | Killed Psyche
 18565 | D:11     | Found Riroqen's Assorted Antiques.
 18577 | D:11     | Bought a runed plate armour for 702 gold pieces
 18855 | D:12     | Received a gift from Trog
 18900 | D:12     | Found Wioreom's Armour Shoppe.
 18917 | D:12     | Bought a +2 plate armour of magic resistance for 560 gold
                  | pieces
 18949 | D:12     | You fall through a shaft for 3 floors!
 18949 | D:15     | Entered Level 15 of the Dungeon
 18955 | D:15     | Reached skill level 18 in Axes
 19053 | D:14     | Found a runed gate.
 19053 | D:14     | Found a runed gate.
 19053 | D:14     | Found a runed gate.
 19863 | D:12     | Found a transporter.
 19865 | D:12     | Found the +7 Spriggan's Knife {stab, EV+4 Stlth+}
 19865 | D:12     | Noticed Jaybu's ghost (journeyman MiFi)
 19909 | D:12     | Found a transporter.
 20015 | D:13     | Found Huacsep's Antique Armour Boutique.
 20095 | D:13     | Found a gate to the Vaults.
 20122 | D:13     | Identified the Volume of Icy Augmentations
 20752 | D:13     | Slain by a large slime creature

Vault maps used:
D:1:      mainiacjoe_arrival_reflecting_pool
D:2:      vehumet_crystals, chequers_ecumenical_altar_simple, serial_bayou,
          serial_bayou_pond_d, serial_bayou_ford_a, serial_bayou_pond_b,
          serial_bayou_shore_b, uniq_natasha
D:3:      old_standard_altar, portal_sewer_entry_d
D:4:      first_ration
D:5:      wad_woods_stonehenge, nicolae_gozag_zags_fifth_avenue,
          minmay_temple_entry_glassed_door, bloody_makhleb
D:6:      serial_shops, shop_coins, tso_metal_star, uniq_blork_the_orc
D:7:      gammafunk_temple_overflow_wave, the_bakery,
          chequers_serial_rivers_micro_c
D:8:      overflow_temple_1_default, lair_entry_dummy,
          hellmonk_ghost_happy_afterlife
D:9:      lemuel_troll_bridge, david_orc_4
D:10:     nicolae_whirlpool, serial_shops, shop_fountains, grunt_ministairs_14,
          evilmike_butchery
D:11:     serial_shops, nicolae_shop_trees, uniq_psyche
D:12:     gammafunk_ghost_berserking_beasts, serial_shops, nicolae_shop_trees,
          gauntlet_entry_generic
D:13:     david_vaults_2, serial_shops, shop
D:14:     gammafunk_ghost_necromancy, hangedman_abyss_or_decor_clamps,
          st_stairs_11
D:15:     gammafunk_enter_depths_forms, moated_statue,
          hangedman_cracks_in_the_wall
Temple:   nicolae_temple_elliptical
Lair:1:   basic_altar, lemuel_fruit_tree, uniq_urug
Lair:2:   minmay_shoals_entry_lonely_mermaid, serial_bayou_shore_a
Lair:3:   minmay_another_anthill
Lair:4:   minmay_snake_entry_six_corridors, gammafunk_ghost_ooze,
          grunt_forest_large_clearing_hut, grunt_megastairs_5
Lair:6:   evil_forest, slime_altar_2, disabler_island, grunt_megastairs_4
Sewer:    sewer_frog_island_01

Skill      XL: |  1  2  3  4  5  6  7  8  9 10 11 12 13 14 |
---------------+-------------------------------------------+-----
Axes           | 4 5 6 8 9 11 13 14 16 17 18 | 18.5
Fighting       | 4 5 6 7 8 9 11 12 13 14 | 14.2
Armour         | 3 4 5 6 8 9 10 12 13 14 | 14.0
Dodging        | 3 4 5 6 7 8 9 11 12 13 | 13.0

Action                   |  1- 3 |  4- 6 |  7- 9 | 10-12 | 13-15 || total
-------------------------+-------+-------+-------+-------+-------++-------
Melee: Hand axe          |    71 |   187 |   492 |       |       ||   750
       Headbutt          |    10 |    36 |   138 |   164 |   145 ||   493
       War axe           |       |       |    30 |   658 |   231 ||   919
       Mace              |       |       |       |    15 |    14 ||    29
       Battleaxe         |       |       |       |       |   124 ||   124
       Executioner's axe |       |       |       |       |   259 ||   259
Invok: Berserk           |       |       |     2 |     6 |     3 ||    11
       Brothers in Arms  |       |       |       |     1 |       ||     1
 Abil: Evoke Flight      |       |       |       |       |     2 ||     2
  Use: Scroll            |     1 |     4 |     7 |     8 |     9 ||    29
       Potion            |       |       |       |       |     1 ||     1
  Eat: Chunk             |       |     9 |    14 |    16 |    24 ||    63
       Ration            |       |       |     1 |     2 |     2 ||     5
Armor: Animal skin       |     4 |       |       |       |       ||     4
       Plate armour      |    21 |   117 |   273 |   333 |   451 ||  1195
Dodge: Dodged            |    30 |    68 |   203 |   318 |   462 ||  1081

Table legend:
 A = Non-vault XP
 B = Vault XP
 C = Vault XP percentage of total XP
 D = Non-vault monster count
 E = Vault monster count
 F = Vault count percentage of total count
                 A         B        C        D         E       F
            +---------+---------+-------+---------+---------+-------
      Total |   62768 |   29865 |  32.2 |     494 |     161 |  24.6
            +---------+---------+-------+---------+---------+-------
        D:1 |      50 |       0 |   0.0 |      28 |       0 |   0.0
        D:2 |     109 |      44 |  28.8 |      19 |       4 |  17.4
        D:3 |      79 |      14 |  15.1 |      16 |       1 |   5.9
        D:4 |     173 |       0 |   0.0 |       7 |       0 |   0.0
        D:5 |     833 |      53 |   6.0 |      30 |       4 |  11.8
        D:6 |     604 |      94 |  13.5 |      19 |       1 |   5.0
        D:7 |     818 |     220 |  21.2 |      21 |       1 |   4.5
        D:8 |    3828 |    1756 |  31.4 |      47 |       3 |   6.0
        D:9 |    2277 |    4318 |  65.5 |      44 |      27 |  38.0
       D:10 |    2692 |     399 |  12.9 |      35 |       7 |  16.7
       D:11 |    4136 |     463 |  10.1 |      25 |       1 |   3.8
       D:12 |    1991 |       0 |   0.0 |      15 |       0 |   0.0
       D:13 |    3866 |    1944 |  33.5 |      29 |       3 |   9.4
       D:14 |    8588 |       0 |   0.0 |      21 |       0 |   0.0
       D:15 |     581 |       0 |   0.0 |       3 |       0 |   0.0
     Lair:1 |    1936 |     827 |  29.9 |      10 |       1 |   9.1
     Lair:2 |    4076 |     490 |  10.7 |      23 |       1 |   4.2
     Lair:3 |    7284 |    2398 |  24.8 |      24 |      23 |  48.9
     Lair:4 |    5308 |    5015 |  48.6 |      24 |      26 |  52.0
     Lair:5 |    9100 |    1766 |  16.3 |      38 |       8 |  17.4
     Lair:6 |    4439 |    9834 |  68.9 |      16 |      31 |  66.0
      Sewer |       0 |     230 | 100.0 |       0 |      19 | 100.0
            +---------+---------+-------+---------+---------+-------
